 Dungeon Crawl Stone Soup version 0.31-a0-1-g4198be8af4 (webtiles) character file.

Game seed: 14567302445482946210

102 ragingrage the Slasher (level 5, -8/40 HPs)
             Began as a Djinni Delver on May 2, 2023.
             Mangled by Prince Ribbit (15 damage)
             ... on level 5 of the Dungeon.
             The game lasted 00:00:42 (112 turns).

ragingrage the Slasher (Djinni Delver)               Turns: 112, Time: 00:00:43

Health: -8/40      AC:  3    Str: 11    XL:     5   Next: 5%
Gold:   25         EV: 12    Int: 11    God:
                   SH:  0    Dex: 17

rFire   + + .        a - +7 dagger of Brutal Revenge {speed, rC+ Will+}
rCold   . . .        (no shield)
rNeg    . . .        b - +0 leather armour
rPois   ∞            (no helmet)
rElec   .            (no cloak)
rCorr   .            (no gloves)
SInv    .            (boots unavailable)
Will    +....        (no amulet)
Stlth   +++          (no ring)
HPRegen 0.26/turn    (no ring)
MPRegen 0.00/turn

%: infuse magic (-9 HP)
@: flying
A: sickness immunity, fire resistance 2, cold vulnerability 1, float, innate
caster, HP casting, extra vitality 1
a: no special abilities


You were on level 5 of the Dungeon.
You visited 1 branch of the dungeon, and saw 1 of its levels.

You collected 25 gold pieces.

Inventory:

Hand Weapons
 a - the +7 dagger of Brutal Revenge (weapon) {speed, rC+ Will+}
   (You took it off a centaur on level 5 of the Dungeon)

   rC:        It protects you from cold.
   Will:      It increases your willpower.
 i - a +0 falchion
 j - a +0 shortbow
Armour
 b - a +0 leather armour (worn)
Wands
 g - a wand of digging (3)
 h - a wand of quicksilver (7)
Scrolls
 c - a scroll of fog
 d - a scroll of magic mapping
 e - a scroll of fear
Potions
 f - a potion of haste


   Skills:
 - Level 3.0 Fighting
 + Level 0.0(2.5) Short Blades
 - Level 4.3 Long Blades
 - Level 2.1 Dodging
 - Level 4.1 Stealth
 + Level 0.0 Spellcasting


You knew the following spells:

 Your Spells              Type           Power      Damage    Failure   Level
a - Shock                 Conj/Air       0%         1d3       43%         1
b - Static Discharge      Conj/Air       0%         2-2/arc   56%         2
Your spell library was empty.

Dungeon Overview and Level Annotations

Branches:
Dungeon (5/15)
 Temple: D:4-7

Altars:

Annotations:
D:5 Prince Ribbit


Innate Abilities, Weirdness & Mutations

You are immune to sickness and miasma.
You are immune to poison.
Your flesh is very heat resistant. (rF++)
You are vulnerable to cold. (rC-)
You float through the air rather than walking.
You learn spells naturally, not from books.
Your magical power is your life essence.
You have superior vitality. (+4 MHP)


Message History

Setting a skill training target for Short Blades at 10.0.
Prince Ribbit comes into view.
Prince Ribbit croaks.
Prince Ribbit blinks!
Aiming: Quicksilver Bolt
Aim: Prince Ribbit (50% to hit)
The bolt of dispelling energy hits Prince Ribbit!
Your hands tingle!
a - the +7 dagger of Brutal Revenge (weapon)
{speed, rC+ Will+} You hit Prince Ribbit.
Prince Ribbit completely misses you.
You closely miss Prince Ribbit. You barely miss Prince Ribbit.
Prince Ribbit misses you.
You closely miss Prince Ribbit.
Prince Ribbit blinks!
Prince Ribbit blinks!
Prince Ribbit closely misses you.
Prince Ribbit blinks!
Prince Ribbit hits you!
You are too injured to fight recklessly!
You are too injured to fight recklessly!
You are too injured to fight recklessly!
You are too injured to fight recklessly!
You are too injured to fight recklessly!
You are too injured to fight recklessly!
You are too injured to fight recklessly!
You are too injured to fight recklessly!
You are too injured to fight recklessly!
You are too injured to fight recklessly!
You are too injured to fight recklessly!
You are too injured to fight recklessly!
You are too injured to fight recklessly!
You are too injured to fight recklessly!
You puncture Prince Ribbit! Prince Ribbit barely misses you.
You hit Prince Ribbit. Prince Ribbit hits you.
You puncture Prince Ribbit! Prince Ribbit hits you!
* * * LOW HITPOINT WARNING * * *
You miss Prince Ribbit.
Aiming: Quicksilver Bolt
Aim: Prince Ribbit (almost dead, 50% to hit)
The bolt of dispelling energy misses Prince Ribbit.
Prince Ribbit misses you. Prince Ribbit hits you!
You die...

### ##### ##
##.###...####
.#####...........##
..................##
######.............###
#...............$#.#
##...........@......#
#.............F....##
#
##.............###..#
## ##...........## .#
.## #..........## ..##
##.........# ...#
##.#####..# ...## ###
#..# ....##


You could see Prince Ribbit.

Vanquished Creatures
  A centaur (D:5)
  An iguana (D:5)
2 creatures vanquished.

Notes
Turn   | Place    | Note
-------+----------+-------------------------------------------
     0 | D:5      | ragingrage the Djinni Delver began the quest for the Orb.
     0 | D:5      | Reached XP level 1. HP: 20/20 MP: 0/0
    68 | D:5      | Noticed an iguana
    72 | D:5      | Killed an iguana
    73 | D:5      | Reached XP level 2. HP: 25/25 MP: 0/0
    73 | D:5      | Reached XP level 3. HP: 30/30 MP: 0/0
    73 | D:5      | Learned a level 1 spell: Shock
    81 | D:5      | Identified the +7 dagger of Brutal Revenge {speed, rC+
                  | Will+}
    81 | D:5      | Noticed a centaur
    84 | D:5      | Killed a centaur
    85 | D:5      | Reached XP level 4. HP: 35/35 MP: 0/0
    85 | D:5      | Reached XP level 5. HP: 40/40 MP: 0/0
    85 | D:5      | Learned a level 2 spell: Static Discharge
    98 | D:5      | Noticed Prince Ribbit
   112 | D:5      | Mangled by Prince Ribbit

Illustrated notes

Levels and vault maps discovered:
D:5:      layout_cave_pods, kennysheep_little_box, uniq_prince_ribbit1

Skill      XL: |  1  2  3 |
---------------+----------+-----
Long Blades    | 3 4 |  4.3
Fighting       | |  3.0
Dodging        | |  2.1
Stealth        | |  4.1

Action                     |  1- 3 |  4- 6 || total
---------------------------+-------+-------++-------
  Melee: Dagger            |       |     8 ||     8
  Evoke: Wand              |     5 |     2 ||     7
  Dodge: Dodged            |     1 |     5 ||     6

Table legend: (Time is in decaauts)
 A = Elapsed time spent in this place.
 B = Non-inter-level travel time spent in this place.
 C = Inter-level travel time spent in this place.
 D = Time resting spent in this place.
 E = Time spent auto-exploring this place.
 F = Levels seen in this place.
 G = Mean time per level.
                   A        B        C        D        E       F      G
               +--------+--------+--------+--------+--------+-----+--------+
         Total |    107 |    107 |      0 |      0 |     58 |   1 |  107.0 |
       Dungeon |    107 |    107 |      0 |      0 |     58 |   1 |  107.0 |
               +--------+--------+--------+--------+--------+-----+--------+

Top non-repeatable levels by time:
     D:5: 107 daAuts
